 Dungeon Crawl Stone Soup version 0.29.0-11-gd7f09526c8 (webtiles) character file.

Game seed: 9185496277290185076

6157 RascalDebosk the Fighter (level 10, 0/92 HPs)
             Began as a Minotaur Berserker on Sept 5, 2022.
             Was an Elder of Trog.
             Slain by an acid dragon (1 damage)
             ... while petrified by a basilisk
             ... on level 8 of the Dungeon.
             The game lasted 01:18:50 (7937 turns).

RascalDebosk the Fighter (Minotaur Berserker)       Turns: 7937, Time: 01:18:51

Health: 0/92       AC:  7    Str: 23    XL:     10   Next: 60%
Magic:  18/18      EV:  2    Int:  9    God:    Trog [****..]
Gold:   959        SH:  0    Dex: 15    Spells: 9/9 levels left

rFire   . . .      SeeInvis .   p - +5 glaive "Hekh" {freeze, MP+9 Dex+4}
rCold   . . .      Faith    .   (shield currently unavailable)
rNeg    + + +      Spirit   .   z - +6 scale mail of the Cockatrice {rN+++ rCorr Int+3 Stlth-}
rPois   ∞          Reflect  .   (helmet restricted)
rElec   .          Harm     .   c - +1 cloak
rCorr   +          Rampage  .   (no gloves)
Will    .....                   j - +1 pair of boots {Fly}
Stlth   ..........              (no amulet)
HPRegen 0.25/turn               l - ring of resist corrosion
MPRegen 0.16/turn               b - +4 ring of protection

@: mighty, petrified, corroded, on berserk cooldown, flying, slowed
A: horns 2, retaliatory headbutt
a: Renounce Religion, Berserk, Trog's Hand, Brothers in Arms


You were on level 8 of the Dungeon.
You worshipped Trog.
Trog was greatly pleased with you.
You visited 2 branches of the dungeon, and saw 9 of its levels.
You also visited: Ossuary and Bailey.

You collected 959 gold pieces.

Inventory:

Hand Weapons
 m - a +2 battleaxe of freezing
 p - the +5 glaive "Hekh" (weapon) {freeze, MP+9 Dex+4}
   (You found it in a bailey)

   It freezes those it strikes, dealing additional cold damage.
   It can also slow down cold-blooded creatures.
   Dex:       It affects your dexterity (+4).
   MP:        It affects your magic capacity (+9).
 s - a +1 battleaxe
 A - the +8 dagger "Ygearauq" {drain, rF+}
   (You found it on level 7 of the Dungeon)

   A truly terrible weapon, it drains the life of any living foe it strikes.
   rF:        It protects you from fire.
 C - a +2 war axe of venom
Missiles
 d - 2 atropa-tipped darts
 k - 8 poisoned darts
 r - 3 throwing nets
 x - a curare-tipped dart
 y - 20 boomerangs (quivered)
Armour
 c - a +1 cloak (worn)
 j - a +1 pair of boots of flying (worn)
 w - a +0 troll leather armour
 z - the +6 scale mail of the Cockatrice (worn) {rN+++ rCorr Int+3 Stlth-}
   (You found it in a bailey)

   Int:       It affects your intelligence (+3).
   rN:        It renders you almost immune to negative energy.
   rCorr:     It protects you from acid and corrosion.
   Stlth:     It makes you less stealthy.
Jewellery
 b - a +4 ring of protection (right hand)
 l - a ring of resist corrosion (left hand)
 D - a ring of fire
Wands
 i - a wand of quicksilver (12)
 v - a wand of flame (12)
Scrolls
 h - 2 scrolls of vulnerability
 n - 7 scrolls of teleportation
 o - 3 scrolls of fog
 u - a scroll of magic mapping
 E - a scroll of summoning {unknown}
 G - 3 scrolls of silence
Potions
 a - 5 potions of flight
 e - 6 potions of heal wounds
 f - 2 potions of resistance
 g - 2 potions of cancellation
 q - a potion of might
 t - 4 potions of curing
 B - a potion of mutation {unknown}


   Skills:
 + Level 9.7 Fighting
 - Level 9.4(9.5) Axes
 + Level 2.2(6.3) Polearms
 + Level 5.9 Throwing
 + Level 9.2 Armour
 + Level 8.4 Dodging


You had 9 spell levels left.
You didn't know any spells.
Your spell library was empty.

Dungeon Overview and Level Annotations

Branches:
Dungeon (8/15)             Temple (1/1) D:7         Ossuary (visited)
 Bailey (visited)
   Lair: D:8-11

Altars:
Ashenzari
Cheibriados
Dithmenos
Fedhas
Gozag
Hepliaklqana
Nemelex Xobeh
Okawaru
Qazlal
Ru
Sif Muna
Trog
Uskayaw
Wu Jian
Xom
Yredelemnul
Zin
The Shining One


Innate Abilities, Weirdness & Mutations

You have a pair of horns on your head.
You reflexively headbutt those who attack you in melee.


Message History

* * * LOW HITPOINT WARNING * * *
The acid dragon barely misses you.
You have turned to stone.
The basilisk gazes at you. The acid dragon bites you.
* * * LOW HITPOINT WARNING * * *
The acid dragon claws you.
* * * LOW HITPOINT WARNING * * *
The basilisk bites you!
* * * LOW HITPOINT WARNING * * *
The acid dragon bites you.
* * * LOW HITPOINT WARNING * * *
The acid dragon claws you but does no damage.
The basilisk hisses menacingly.
The basilisk completely misses you. The acid dragon spits acid at you.
The splash of acid hits you! You resist.
* * * LOW HITPOINT WARNING * * *
The acid corrodes you!
The basilisk bites you but does no damage.
The acid dragon barely misses you.
The acid dragon claws you but does no damage.
The basilisk gazes at you. You resist with some effort.
The acid dragon bites you!
* * * LOW HITPOINT WARNING * * *
The acid dragon claws you but does no damage.
The basilisk bites you!
* * * LOW HITPOINT WARNING * * *
The acid dragon bites you.
* * * LOW HITPOINT WARNING * * *
The acid dragon claws you.
* * * LOW HITPOINT WARNING * * *
The basilisk gazes at you. You resist with some effort.
The acid dragon bites you but does no damage.
The acid dragon barely misses you. The basilisk gazes at you.
You resist with some effort.
The acid dragon bites you but does no damage.
The acid dragon claws you.
You die...

.....## #.#
#####..#...##.# ######
#.# ###...#.##.. #.#
#........... ### ##
############ .## # ###
######..### #
..##.#..?...... #
####.##.....#.... # ####
##.###....@l...... #
#..####.........D#.....#
# ..###......[.#####
..#.# # ........###†#..#
..# # ##########..####
## # ###### #### #### #
.....# #..# # .#####
#..# ## #.###### ###..#
#.


You could see a basilisk and an acid dragon.

Vanquished Creatures
  Pikel (D:6)
  An orc knight (Bailey)
  The ghost of JuniperTheExplorer the Shield-Bearer, a novice FoFi (D:5)
  A troll (D:6)
  A hornet (D:8)
  Sigmund (D:3)
  A wyvern (D:8)
  A wraith (Ossuary)
  2 basilisks (D:8)
  A yak (D:8)
  Eustachio (D:4)
  A human (D:6)
  Menkaure (D:4)
  Edmund (D:6)
  A water moccasin (D:8)
  3 orc warriors (Bailey)
  2 ice beasts
  3 black bears
  An ogre (D:7)
  A centaur (D:5)
  A phantom (D:6)
  2 kobold brigands
  A necrophage (D:5)
  4 bullfrogs
  6 scorpions
  9 wights (D:7)
  A howler monkey (D:8)
  3 hounds
  A jelly (D:5)
  2 orc priests
  5 iguanas
  A gnoll bouda (D:8)
  Jessica (D:2)
  2 orc wizards (D:7)
  3 mummies (Ossuary)
  11 gnolls
  8 adders
  3 white imps (D:5)
  An ufetubus (D:6)
  A dart slug (D:1)
  16 orcs
  10 ball pythons
  9 endoplasms
  5 giant cockroaches
  5 goblins
  9 hobgoblins
  6 quokkas
  2 bats
  7 frilled lizards
  7 goblin zombies
  3 hobgoblin zombies (Ossuary)
  20 kobolds
  4 kobold zombies (Ossuary)
  3 rats
198 creatures vanquished.

Vanquished Creatures (others)
  6 fungi (D:4)
6 creatures vanquished.

Grand Total: 204 creatures vanquished

Notes
Turn   | Place    | Note
-------+----------+-------------------------------------------
     0 | D:1      | RascalDebosk the Minotaur Berserker began the quest for the
                  | Orb.
     0 | D:1      | Reached XP level 1. HP: 19/19 MP: 0/0
   117 | D:1      | Reached XP level 2. HP: 24/27 MP: 1/1
   360 | D:1      | Reached ** piety under Trog
   594 | D:1      | Reached XP level 3. HP: 31/33 MP: 2/2
  1075 | D:2      | Noticed Jessica
  1083 | D:2      | Killed Jessica
  1084 | D:2      | Reached XP level 4. HP: 33/41 MP: 3/3
  1795 | D:3      | Noticed Sigmund
  1802 | D:3      | Killed Sigmund
  1803 | D:3      | Reached skill level 5 in Fighting
  1803 | D:3      | Reached skill level 5 in Axes
  1803 | D:3      | Reached XP level 5. HP: 48/48 MP: 4/4
  2107 | D:3      | Reached XP level 6. HP: 55/56 MP: 5/5
  2559 | D:4      | Noticed Menkaure
  2565 | D:4      | Killed Menkaure
  2785 | D:4      | Noticed Eustachio
  2804 | D:4      | HP: 2/56 [Eustachio/+0 rapier (3)]
  2805 | D:4      | Killed Eustachio
  2806 | D:4      | Reached skill level 5 in Armour
  2806 | D:4      | Reached XP level 7. HP: 2/62 MP: 6/6
  3605 | D:5      | Entered Level 5 of the Dungeon
  3607 | D:5      | Identified the +1 leather armour "Eruxzum" {rPois Str+8
                  | Dex-5 Stlth-}
  3617 | D:5      | Reached skill level 5 in Dodging
  3873 | D:5      | Found an iron altar of Okawaru.
  3878 | D:5      | Reached *** piety under Trog
  3904 | D:5      | Found a glowing golden altar of the Shining One.
  3916 | D:5      | Found a blossoming altar of Fedhas.
  4145 | D:5      | Reached skill level 1 in Throwing
  4149 | D:5      | Reached XP level 8. HP: 54/71 MP: 7/7
  4533 | D:5      | Found a runed translucent door.
  4540 | D:5      | Noticed JuniperTheExplorer's ghost (novice FoFi)
  4553 | D:5      | Killed JuniperTheExplorer's ghost
  4695 | D:6      | Found a runed translucent door.
  4699 | D:6      | Found a basalt altar of Yredelemnul.
  4737 | D:6      | Reached XP level 9. HP: 67/80 MP: 8/8
  4746 | D:6      | Noticed Edmund
  4759 | D:6      | Killed Edmund
  4839 | D:6      | Noticed a troll
  4975 | D:6      | Killed a troll
  5383 | D:6      | Noticed Pikel
  5407 | D:6      | Killed Pikel
  5464 | D:7      | Found an ornate altar of the Wu Jian Council.
  5557 | D:7      | Found a flagged portal.
  5579 | Bailey   | Entered a bailey
  5593 | Bailey   | Noticed an orc knight
  5608 | Bailey   | Killed an orc knight
  5609 | Bailey   | Reached skill level 5 in Throwing
  5649 | Bailey   | Reached XP level 10. HP: 90/90 MP: 9/9
  5862 | Bailey   | Identified the +6 scale mail of the Cockatrice {rN+++ rCorr
                  | Int+3 Stlth-}
  5903 | Bailey   | Identified the +5 glaive "Hekh" {freeze, MP+9 Dex+4}
  6255 | D:7      | Found a staircase to the Ecumenical Temple.
  6259 | D:7      | Identified the +8 dagger "Ygearauq" {drain, rF+}
  6280 | D:7      | Found a shimmering altar of Xom.
  6312 | D:7      | Reached **** piety under Trog
  6654 | Temple   | Entered the Ecumenical Temple
  6856 | D:8      | Found a snail-covered altar of Cheibriados.
  7320 | D:8      | Found a sand-covered staircase.
  7329 | Ossuary  | Entered an ossuary
  7464 | Ossuary  | Reached skill level 1 in Polearms
  7724 | D:8      | Reached ***** piety under Trog
  7935 | D:8      | HP: 4/92 [basilisk (5)]
  7935 | D:8      | HP: 1/92 [acid dragon (1)]
  7937 | D:8      | Slain by an acid dragon

Illustrated notes

Levels and vault maps discovered:
D:1:      amcnicky_arrival_choice, layout_basic, minmay_liquid_box, minivault_23
D:2:      layout_basic, hangedman_decor_peaks_small, minmay_pentomino_w2,
          uniq_jessica
D:3:      layout_rooms, nicolae_figureground_sparkle, uniq_sigmund
D:4:      layout_loops_ring, hangedman_abyss_or_decor_jellyfish_corner,
          minmay_hedge_maze, dreamdust_mushroom_princess,
          hangedman_decor_points, grunt_ministairs_5, palyth_stone_intersect,
          uniq_menkaure, uniq_eustachio
D:5:      minmay_chambers_of_threes, layout_basic, okawaru_metal_pillars_3,
          mainiacjoe_overflow_catwalk_spiral, ebering_ghost_sewer_d
D:6:      layout_rooms, dk_yredelemnul_ordeal, serial_bayou_crossing,
          uniq_pikel, uniq_edmund
D:7:      layout_rooms, mainiacjoe_overflow_brackets, marbit_many_paths,
          minmay_temple_entry_statues_fountains, enter_bailey_2
D:8:      layout_loops_ring, lemuel_doored_altar, erik_lair_dragon,
          chequers_ossuary_entry_cave, chequers_avenue
Temple:   minmay_freezing_vapour_temple

Skill      XL: |  1  2  3  4  5  6  7  8  9 10 |
---------------+-------------------------------+-----
Fighting       | 4 5 6 7 8 9 |  9.7
Axes           | 4 5 6 7 8 9 |  9.4
Armour         | 3 4 5 7 8 9 |  9.2
Dodging        | 3 4 5 6 7 8 |  8.4
Throwing       | 1 3 5 |  5.9
Polearms       | 2 |  2.2

Action                   |  1- 3 |  4- 6 |  7- 9 | 10-12 || total
-------------------------+-------+-------+-------+-------++-------
Melee: Hand axe          |    59 |    26 |       |       ||    85
       Headbutt          |    10 |     8 |    27 |    21 ||    66
       Halberd           |       |    46 |   216 |    34 ||   296
       Glaive            |       |       |       |   110 ||   110
Throw: Dart              |       |       |     3 |       ||     3
       Boomerang         |       |       |       |     7 ||     7
Invok: Berserk           |       |     1 |    10 |     4 ||    15
       Trog's Hand       |       |     1 |     3 |     1 ||     5
Evoke: Wand              |       |       |     2 |       ||     2
  Use: Potion            |       |     1 |       |     3 ||     4
       Scroll            |       |       |    15 |     7 ||    22
 Stab: Sleeping          |       |     1 |       |       ||     1
       Distracted        |       |       |     1 |       ||     1
Armor: Animal skin       |     9 |     5 |       |       ||    14
       Chain mail        |       |    17 |    81 |       ||    98
       Troll leather arm |       |       |    29 |     9 ||    38
       Scale mail        |       |       |       |    91 ||    91
Dodge: Dodged            |    39 |    40 |   152 |   127 ||   358
